[Event "LASK Schackstudion IM Tournament"]
[Site "Lund, Sweden"]
[Date "2022.08.15"]
[Round "1.2"]
[White "Kucuksari, Kaan"]
[Black "Nord, Alexander"]
[Result "1-0"]
[TimeControl "90 minutes + 30 sec increment starting from move 1."]
[WhiteTitle "FM"]
[BlackTitle "CM"]
[WhiteFideId "6380166"]
[BlackFideId "1738135"]
[WhiteElo "2398"]
[BlackElo "2227"]

1. d4 Nf6 2. c4 c5 3. d5 a6 4. a3 b5 5. Qc2 d6 6. e4 g6 7. cxb5 Bg7 8. Nc3 O-O 9. Nf3 axb5 10.
Bxb5 Ba6 11. O-O Nbd7 12. h3 Ne8 13. Bxa6 Rxa6 14. Nb5 Nc7 15. Nxc7 Qxc7 16. Bd2 Rb8 17. Ra2 Qa7 18. a4 Rab6 19. Bc3 Qa6 20. a5 R6b7 21.
Rfa1 Nf6 22. Nd2 Ne8 23. Bxg7 Kxg7 24. Nc4 Nc7 25. Nb6 Qb5 26. Qc3+ Kg8 27. b3 Ra7 28. Ra4 Na6 29. e5 dxe5 30.
Qxe5 Qxb3 31. h4 h5 32. g4 Qc2 33. Rf4 Rd8 34. gxh5 gxh5 35. Kh1 Rd6 36. Nc8 1-0

[Event "LASK Schackstudion IM Tournament"]
[Site "Lund, Sweden"]
[Date "2022.08.15"]
[Round "1.3"]
[White "Jogstad, Martin"]
[Black "Jacobsen, Mikkel Manosri"]
[Result "1-0"]
[TimeControl "90 minutes + 30 sec increment starting from move 1."]
[WhiteTitle "FM"]
[BlackTitle "FM"]
[WhiteFideId "1715364"]
[BlackFideId "1444514"]
[WhiteElo "2354"]
[BlackElo "2320"]

1. d4 d5 2. c4 e6 3. Nc3 Nf6 4. cxd5 exd5 5. Bg5 Be7 6. e3 O-O 7. Bd3 Nbd7 8. Nge2 a6 9. O-O Re8 10.
Qc2 h6 11. Bh4 b5 12. f3 Bb7 13. Bf2 c5 14. dxc5 Bxc5 15. Nd4 Ne5 16. Rad1 Rc8 17. Qb1 Qb6 18. Rfe1 Nc4 19. Bf1 Bb4 20.
Rc1 Qa5 21. Re2 Re7 22. Nb3 Qc7 23. Nd1 Bd6 24. g3 Qd7 25. Nd4 g6 26. b3 Na3 27. Rxc8+ Qxc8 28. Qb2 b4 29. Be1 a5 30.
Rd2 Ba6 31. Bxa6 Qxa6 32. Nf5 Re5 33. Nxh6+ Kg7 34. f4 Rh5 35. Ng4 Be7 36. Ndf2 Qe6 37. Ne5 Bc5 38. Re2 Kg8 39. Qc1 Bd6 40.
Nf3 Ne4 41. Nd4 Qd7 42. Nxe4 dxe4 43. Rd2 Rc5 44. Qd1 Qc8 45. Kg2 Be7 46. Bf2 Bf6 47. g4 Rc1 48. Qe2 Ra1 49. g5 Bxd4 50.
Rxd4 Qc1 51. Kg3 Qh1 52. f5 Nc2 53. Rd8+ Kh7 54. fxg6+ fxg6 55. Rd7+ Kh8 56. Qg4 Qf3+ 57. Qxf3 exf3 58. e4 Rxa2 59. e5 Ra3 60. e6 Kg8 61. Rd8+ Kg7 62. e7 1-0

[Event "LASK Schackstudion IM Tournament"]
[Site "Lund, Sweden"]
[Date "2022.08.15"]
[Round "1.4"]
[White "Jepson, Christian"]
[Black "Magnusson, Jorgen"]
[Result "1-0"]
[TimeControl "90 minutes + 30 sec increment starting from move 1."]
[WhiteTitle "IM"]
[BlackTitle "FM"]
[WhiteFideId "1701185"]
[BlackFideId "1700880"]
[WhiteElo "2395"]
[BlackElo "2292"]

1. Nf3 d5 2. c4 d4 3. g3 Nc6 4. Bg2 e5 5. d3 Bb4+ 6. Bd2 a5 7. O-O Bxd2 8. Nbxd2 Nf6 9. a3 a4 10. b4 axb3 11. Qxb3 O-O 12. Rfb1 Qe7 13. Ne1 Nd7 14. a4 Nc5 15. Qc2 Bd7 16. Ne4 Ra7 17. Nxc5 Qxc5 18. Rb5 Qe7 19. Qb1 Nd8 20. Qb4 Qxb4 21. Rxb4 b6 22. Nf3 f6 23. Nd2 Ne6 24. Bd5 Kf7 25. Nb3 Ke7 26. a5 bxa5 27. Rxa5 Rxa5 28. Nxa5 Nc5 29. Nb3 Nxb3 30. Rxb3 Kd6 31. Bf3 Bc6 32. Kg2 Re8 33. Bxc6 Kxc6 34. Rb5 Kd6 35. Rd5+ Ke6 36. Rc5 Kd6 37. Rd5+ Ke6 38. f4 c6 39. Ra5 exf4 40. gxf4 Kd6 41. Kf2 h6 42. Ra7 Re7 43. c5+ Ke6 44. f5+ Kf7 45. Rxe7+ Kxe7 46. Kf3 Kf7 47. Ke4 g6 48. Kxd4 gxf5 49. Ke3 Ke6 50. Kf4 Kd5 51. Kxf5 Kxc5 52. Kxf6 Kd4 53. e4 1-0

[Event "LASK Schackstudion IM Tournament"]
[Site "Lund, Sweden"]
[Date "2022.08.15"]
[Round "1.5"]
[White "Kristensen, Kaare Hove"]
[Black "Rozentalis, Eduardas"]
[Result "1/2-1/2"]
[TimeControl "90 minutes + 30 sec increment starting from move 1."]
[WhiteTitle "IM"]
[BlackTitle "GM"]
[WhiteFideId "1400940"]
[BlackFideId "12800023"]
[WhiteElo "2274"]
[BlackElo "2493"]

1. c4 e6 2. Nc3 b6 3. d4 Bb4 4. e4 Bb7 5. Bd3 f5 6. Qh5+ g6 7. Qe2 Nf6 8. Bg5 h6 9. Bxf6 Qxf6 10.
Nf3 Nc6 11. O-O Bxc3 12. bxc3 O-O 13. Rfe1 Rf7 14. d5 Ne5 15. exf5 Nxf3+ 16. Qxf3 exf5 17. Qf4 g5 18. Qd4 Raf8 19.
Re5 d6 20. Re6 Qxd4 21. cxd4 Kg7 22. f4 Bc8 1/2-1/2

[Event "LASK Schackstudion IM Tournament"]
[Site "Lund, Sweden"]
[Date "2022.08.16"]
[Round "2.1"]
[White "Storme, Isak"]
[Black "Kucuksari, Kaan"]
[Result "1-0"]
[TimeControl "90 minutes + 30 sec increment starting from move 1."]
[WhiteTitle "FM"]
[BlackTitle "FM"]
[WhiteFideId "1728113"]
[BlackFideId "6380166"]
[WhiteElo "2416"]
[BlackElo "2398"]

1. d4 Nf6 2. Nf3 g6 3. g3 Bg7 4. Bg2 O-O 5. O-O d6 6. b3 e5 7. dxe5 dxe5 8. Ba3 e4 9. Bxf8 Qxf8 10.
Nd4 e3 11. f4 Nc6 12. Nxc6 bxc6 13. Nc3 Bf5 14. Qe1 Re8 15. Bxc6 Rd8 16. Rd1 Rd2 17. Bf3 Qc5 18. Nb1 Rxc2 19.
b4 Qe7 20. Rc1 Rxa2 21. Qc3 Nd5 22. Qc5 Qxc5 23. bxc5 Nb4 24. Nc3 Rd2 25. Nb5 a5 26. Nxc7 Na2 27. Rc4 Nc3 28. g4 Bc8 29.
c6 a4 30. Rb4 a3 31. Rb8 Rd8 32. Nd5 Nxd5 33. Bxd5 Rf8 34. c7 Ba6 35. Bb7 Bxb7 36. Rxb7 a2 37. Rb8 1-0

[Event "LASK Schackstudion IM Tournament"]
[Site "Lund, Sweden"]
[Date "2022.08.16"]
[Round "2.2"]
[White "Jacobsen, Mikkel Manosri"]
[Black "Larkin, Vadyslav"]
[Result "0-1"]
[TimeControl "90 minutes + 30 sec increment starting from move 1."]
[WhiteTitle "FM"]
[BlackTitle "IM"]
[WhiteFideId "1444514"]
[BlackFideId "14152894"]
[WhiteElo "2320"]
[BlackElo "2447"]

1. c4 Nf6 2. Nf3 e6 3. g3 d5 4. Bg2 dxc4 5. Qc2 Bd6 6. Na3 Nc6 7. Nxc4 e5 8. Qa4 O-O 9. Nxd6 cxd6 10.
O-O Re8 11. d3 h6 12. b4 e4 13. dxe4 Rxe4 14. a3 Rxe2 15. b5 Re4 16. Qd1 Na5 17. Nd4 Re8 18. Qd3 d5 19. Bd2 Nc4 20.
Bc3 Bd7 21. a4 Ne5 22. Qb1 Rc8 23. Rc1 Rc4 24. a5 Qc8 25. Bb2 Bh3 26. Bh1 Ne4 27. Rxc4 Nxc4 28. a6 bxa6 29. Rxa6 Ned2 30.
Qd1 Nxb2 31. Qxd2 Qc4 32. Ra1 Nd3 33. Ne2 d4 34. Bc6 Re7 35. f3 Nc1 36. Rxc1 Rxe2 37. Qf4 Qa2 38. g4 Re1+ 0-1

[Event "LASK Schackstudion IM Tournament"]
[Site "Lund, Sweden"]
[Date "2022.08.16"]
[Round "2.3"]
[White "Nord, Alexander"]
[Black "Jepson, Christian"]
[Result "0-1"]
[TimeControl "90 minutes + 30 sec increment starting from move 1."]
[WhiteTitle "CM"]
[BlackTitle "IM"]
[WhiteFideId "1738135"]
[BlackFideId "1701185"]
[WhiteElo "2227"]
[BlackElo "2395"]

1. d4 d6 2. Nf3 g6 3. g3 Bg7 4. Bg2 Nf6 5. O-O O-O 6. b3 e5 7. dxe5 dxe5 8. Ba3 e4 9. Bxf8 Qxf8 10.
Nd4 e3 11. f4 Nc6 12. Nxc6 bxc6 13. Nc3 Bf5 14. Qe1 h5 15. h3 Qe8 16. Rd1 Bxc2 17. Rc1 Bf5 18. Kh2 a5 19. Rd1 Rb8 20.
Rf3 Qe6 21. Qg1 Re8 22. Rc1 Bf8 23. Rff1 Ba3 24. Rcd1 Bb4 25. Rc1 Ba3 26. Rcd1 Bb4 27. Rc1 Kg7 28. Qh1 Ng4+ 29. hxg4 hxg4 30.
Kg1 Rh8 31. Bxc6 Rxh1+ 32. Bxh1 Qa6 33. Rfe1 c6 34. Kf1 Qa8 35. Bg2 Qh8 36. Kg1 Kf8 37. Red1 Ke7 38. Na4 Bd7 39. Nb6 Bd2 40.
Rc4 Be6 41. Rxc6 Qb2 42. Nd5+ Kf8 43. Nf6 Qxf6 0-1

[Event "LASK Schackstudion IM Tournament"]
[Site "Lund, Sweden"]
[Date "2022.08.16"]
[Round "2.4"]
[White "Rozentalis, Eduardas"]
[Black "Magnusson, Jorgen"]
[Result "1-0"]
[TimeControl "90 minutes + 30 sec increment starting from move 1."]
[WhiteTitle "GM"]
[BlackTitle "FM"]
[WhiteFideId "12800023"]
[BlackFideId "1700880"]
[WhiteElo "2493"]
[BlackElo "2292"]

1. e4 c6 2. d4 d5 3. Nd2 dxe4 4. Nxe4 Nf6 5. Nxf6+ exf6 6. Bc4 Na6 7. Bxa6 Qa5+ 8. c3 Qxa6 9. Ne2 Bd6 10. O-O O-O 11. Bf4 Bxf4 12. Nxf4 Qb5 13. Qd2 Be6 14. Rfe1 Rfe8 15. Re3 Kf8 16. b3 Qf5 17. Nd3 Rad8 18. Qe2 Bc8 19. Re1 Rxe3 20. Qxe3 Qd7 21. d5 cxd5 22. Qxa7 Qd6 23. Qd4 Be6 24. a4 b6 25. h3 Bf5 26. Nb4 Qc5 27. Rd1 Be6 28. Rd3 Qxd4 29. Rxd4 Rc8 30. Rd3 g5 31. Kf1 Rc5 32. Ke2 Ke7 33. Ke3 h5 34. Kd4 h4 35. Nc2 Kd6 36. Na3 f5 37. Nb5+ Ke7 38. f3 f4 39. Rd2 f6 40. Re2 Kd7 41. Kd3 Bf7 42. Kd2 Rc8 43. Re1 Bg6 44. b4 1-0

[Event "LASK Schackstudion IM Tournament"]
[Site "Lund, Sweden"]
[Date "2022.08.16"]
[Round "2.5"]
[White "Kristensen, Kaare Hove"]
[Black "Jogstad, Martin"]
[Result "0-1"]
[TimeControl "90 minutes + 30 sec increment starting from move 1."]
[WhiteTitle "IM"]
[BlackTitle "FM"]
[WhiteFideId "1400940"]
[BlackFideId "1715364"]
[WhiteElo "2274"]
[BlackElo "2354"]

1. c4 e6 2. Nc3 d5 3. d4 Be7 4. Nf3 Nf6 5. Bg5 h6 6. Bxf6 Bxf6 7. e3 O-O 8. Qd2 b6 9. cxd5 exd5 10.
O-O-O Be6 11. Ne5 c5 12. f4 Qc8 13. Kb1 Nc6 14. Be2 Rb8 15. Ka1 Nb4 16. a3 Nc6 17. Nxc6 Qxc6 18. g4 b5 19. f5 b4 20. fxe6 bxc3 21.
exf7+ Rxf7 22. Qxc3 Rfb7 23. Rd2 Rb3 24. Qc1 Rxe3 25. Qxc5 Qxc5 26. dxc5 Rxa3+ 27. Kb1 Rab3 28. Ba6 Bxb2 29.
Rxd5 Bf6+ 30. Kc2 Rc3+ 31. Kd2 Rb2+ 32. Ke1 Rc1+ 33. Rd1 Bh4+ 0-1

[Event "LASK Schackstudion IM Tournament"]
[Site "Lund, Sweden"]
[Date "2022.08.16"]
[Round "3.1"]
[White "Kucuksari, Kaan"]
[Black "Jacobsen, Mikkel Manosri"]
[Result "0-1"]
[TimeControl "90 minutes + 30 sec increment starting from move 1."]
[WhiteTitle "FM"]
[BlackTitle "FM"]
[WhiteFideId "6380166"]
[BlackFideId "1444514"]
[WhiteElo "2398"]
[BlackElo "2320"]

1. d4 d5 2. c4 e6 3. Nf3 Nf6 4. g3 Bb4+ 5. Bd2 Be7 6. Bg2 O-O 7. O-O Nbd7 8. Qc2 c6 9. Bf4 Ne4 10.
h4 h6 11. Nc3 g5 12. Bc1 f5 13. g4 Bd6 14. hxg5 hxg5 15. Nxe4 dxe4 16. Bxg5 Qe8 17. Nh4 Nf6 18. f3 Nh7 19.
Bh6 Rf6 20. Qd2 f4 21. g5 e3 22. Qd3 Rxh6 23. gxh6 Nf8 24. h7+ Kh8 25. Bh3 Qh5 26. Kh2 Qxh4 27. Rg1 Qxh7 28. Qxh7+ Kxh7 29. Rg4 e5 30. Rg5 Kh6 31.
Rag1 exd4 32. c5 Be7 33. Rg8 Bxh3 34. Kxh3 Rd8 35. R8g7 Bxc5 36. Rg8 Be7 37. Rh8+ Nh7 38. Rxd8 Bxd8 39.
Kg4 Bg5 40. Kf5 c5 41. Rc1 b6 42. a3 a5 43. a4 Kg7 44. b3 d3 45. exd3 Bh4 46. Rc2 Bg3 47. d4 cxd4 48. Rc7+ Kg8 49.
Kg6 Nf8+ 50. Kh6 Ne6 0-1

[Event "LASK Schackstudion IM Tournament"]
[Site "Lund, Sweden"]
[Date "2022.08.16"]
[Round "3.2"]
[White "Jepson, Christian"]
[Black "Storme, Isak"]
[Result "1/2-1/2"]
[TimeControl "90 minutes + 30 sec increment starting from move 1."]
[WhiteTitle "IM"]
[BlackTitle "FM"]
[WhiteFideId "1701185"]
[BlackFideId "1728113"]
[WhiteElo "2395"]
[BlackElo "2416"]

1. Nf3 d5 2. c4 e6 3. g3 Nf6 4. Bg2 Be7 5. O-O O-O 6. b3 b6 7. Bb2 Bb7 8. e3 c5 9. Nc3 Nc6 10.
cxd5 Nxd5 11. Nxd5 Qxd5 12. d4 Qf5 13. Ne5 1/2-1/2

[Event "LASK Schackstudion IM Tournament"]
[Site "Lund, Sweden"]
[Date "2022.08.16"]
[Round "3.3"]
[White "Larkin, Vadyslav"]
[Black "Kristensen, Kaare Hove"]
[Result "1-0"]
[TimeControl "90 minutes + 30 sec increment starting from move 1."]
[WhiteTitle "IM"]
[BlackTitle "IM"]
[WhiteFideId "14152894"]
[BlackFideId "1400940"]
[WhiteElo "2447"]
[BlackElo "2274"]

1. e4 c5 2. Ne2 Nc6 3. Nbc3 d6 4. d4 cxd4 5. Nxd4 Nf6 6. Nb3 g6 7. g3 Bg7 8. Bg2 Bg4 9. f3 Bd7 10.
O-O O-O 11. Kh1 Rc8 12. Nd5 Nxd5 13. exd5 Ne5 14. a4 Qc7 15. Nd4 Rfe8 16. Re1 Qc4 17. Be3 Qc7 18. Bg1 a6 19. Ra2 e6 20.
f4 Nc4 21. b3 e5 22. Ne2 exf4 23. Nxf4 Rxe1 24. Qxe1 Re8 25. Qc1 Ne5 26. c4 a5 27. Re2 Bg4 28. Re1 Rc8 29. Qe3 Bf5 30.
h3 h5 31. Rf1 Qd7 32. Kh2 Bh6 33. Qc3 Ra8 34. c5 Bxf4 35. gxf4 Nd3 36. c6 Qc7 37. Qf6 Kh7 38. Rf3 bxc6 39.
Re3 1-0

[Event "LASK Schackstudion IM Tournament"]
[Site "Lund, Sweden"]
[Date "2022.08.16"]
[Round "3.4"]
[White "Magnusson, Jorgen"]
[Black "Nord, Alexander"]
[Result "1/2-1/2"]
[TimeControl "90 minutes + 30 sec increment starting from move 1."]
[WhiteTitle "FM"]
[BlackTitle "CM"]
[WhiteFideId "1700880"]
[BlackFideId "1738135"]
[WhiteElo "2292"]
[BlackElo "2227"]

1. d4 Nf6 2. Nf3 e6 3. Bf4 d5 4. c3 c5 5. e3 Nc6 6. Nbd2 cxd4 7. exd4 Nh5 8. Be3 Bd6 9. Ne5 g6 10. Nd3 Qc7 11. Be2 Ng7 12. Nf3 f6 13. O-O Nf5 14.
Rc1 O-O 15. c4 dxc4 16. Rxc4 Qd8 17. Bf4 Nce7 18. Bxd6 Qxd6
19. Qd2 Bd7 20. Qb4 Qxb4 21. Nxb4 Rac8 22. Rfc1 a5 1/2-1/2

[Event "LASK Schackstudion IM Tournament"]
[Site "Lund, Sweden"]
[Date "2022.08.16"]
[Round "3.5"]
[White "Jogstad, Martin"]
[Black "Rozentalis, Eduardas"]
[Result "0-1"]
[TimeControl "90 minutes + 30 sec increment starting from move 1."]
[WhiteTitle "FM"]
[BlackTitle "GM"]
[WhiteFideId "1715364"]
[BlackFideId "12800023"]
[WhiteElo "2354"]
[BlackElo "2493"]

1. d4 Nf6 2. c4 e6 3. Nc3 Bb4 4. a3 Bxc3+ 5. bxc3 d6 6. f3 Nh5 7. Nh3 e5 8. Nf2 f5 9. e4 f4 10.
c5 Qe7 11. cxd6 cxd6 12. a4 Be6 13. Ba3 Qc7 14. Bb5+ Nd7 15. d5 Bf7 16. c4 b6 17. a5 O-O 18. Bxd7 Qxd7 19. axb6 axb6 20.
O-O Nf6 21. Qb3 Qc7 22. Qb4 Qc5 23. Rfb1 Rfc8 24. Qb2 Qc7 25. Qb4 Qc5 26. Qb2 Qc7 27. Bb4 Nd7 28. Rxa8 Rxa8 29. Ra1 Rxa1+ 30. Qxa1 Be8 31. Qa8 Kf7 32. Qc6 Qxc6 33. dxc6 Nc5 34. c7 Bd7 35. Nd1 Ke6 36. Nc3 Na6 37. Nd5 Nxb4 38. Nxb4 Bc8 39. Nd5 Kd7 40. Nxb6+ Kxc7 41. Nd5+ Kd8 42.
Nb4 Be6 43. c5 dxc5 44. Nd3 c4 45. Nc5 Bd7 46. Na6 Ke7 47. Kf2 Kd6 48. Ke1 c3 49. g3 fxg3 50. hxg3 h5 51. Nb4 Kc5 52.
Nd5 Kd4 53. Kd1 g5 54. Nf6 h4 55. gxh4 gxh4 56. Kc2 h3 57. Nh5 h2 58. Ng3 Bh3 0-1

[Event "LASK Schackstudion IM Tournament"]
[Site "Lund, Sweden"]
[Date "2022.08.17"]
[Round "4.1"]
[White "Jacobsen, Mikkel Manosri"]
[Black "Jepson, Christian"]
[Result "0-1"]
[TimeControl "90 minutes + 30 sec increment starting from move 1."]
[WhiteTitle "FM"]
[BlackTitle "IM"]
[WhiteFideId "1444514"]
[BlackFideId "1701185"]
[WhiteElo "2320"]
[BlackElo "2395"]

1. d4 Nf6 2. Nf3 g6 3. c4 Bg7 4. Nc3 O-O 5. Bg5 d6 6. e3 Bf5 7. Bd3 Bxd3 8. Qxd3 Nbd7 9. O-O h6 10.
Bxf6 Nxf6 11. b4 e5 12. dxe5 dxe5 13. Qxd8 Rfxd8 14. e4 Rd3 15. Rfc1 Rad8 16. Kf1 Nh5 17. Nd5 c6 18. Ne3 Nf6 19.
Nxe5 Rxe3 20. fxe3 Nxe4 21. Rd1 Rd2 22. Rxd2 Nxd2+ 23. Ke2 Bxe5 24. Rc1 Ne4 25. Kd3 Nf2+ 26. Ke2 Ne4 27. Kd3 f5 28.
h3 h5 29. c5 a6 30. a4 Kf7 31. Rc2 Ke6 32. Kc4 Nc3 33. Rxc3 Bxc3 34. Kxc3 Kd5 35. a5 Ke4 36. Kd2 h4 37.
Ke2 Kd5 38. Kd3 Ke5 39. Kd2 Ke4 40. Ke2 f4 41. exf4 Kxf4 42. Kf2 Ke4 43. Ke2 Kf4 44. Kf2 Ke4 45. Ke2 Kd4 46. Kf3 Kc4 47.
Kg4 Kxb4 48. Kxh4 Kxa5 49. Kg5 Kb4 50. Kxg6 a5 51. g4 a4 52. g5 a3 53. h4 a2 54. h5 a1=Q 55. Kh7 Qe5 56.
Kh6 Qh8+ 57. Kg6 Kxc5 0-1

[Event "LASK Schackstudion IM Tournament"]
[Site "Lund, Sweden"]
[Date "2022.08.17"]
[Round "4.2"]
[White "Kristensen, Kaare Hove"]
[Black "Kucuksari, Kaan"]
[Result "0-1"]
[TimeControl "90 minutes + 30 sec increment starting from move 1."]
[WhiteTitle "IM"]
[BlackTitle "FM"]
[WhiteFideId "1400940"]
[BlackFideId "6380166"]
[WhiteElo "2274"]
[BlackElo "2398"]

1. c4 g6 2. d4 Nf6 3. Nc3 Bg7 4. e4 d6 5. Nf3 O-O 6. Be2 e5 7. O-O Nc6 8. dxe5 dxe5 9. Bg5 Nd4 10.
Nxd4 exd4 11. Nd5 Re8 12. Qxd4 Nxd5 13. Qxd5 Qxd5 14. cxd5 Rxe4 15. Bf3 Rc4 16. b3 Bxa1 17. bxc4 Be5 18.
Re1 f6 19. Be3 Kg7 20. Be2 b6 21. f4 Bd6 22. Kf2 Bf5 23. g3 a5 24. g4 Bd7 25. Kf3 a4 26. Bd4 Kf7 27. Bd3 a3 28.
Bc2 h5 29. gxh5 gxh5 30. f5 Rg8 31. Rg1 Rxg1 32. Bxg1 Bc5 33. Be3 Bxe3 34. Kxe3 Ke7 35. h4 Kd6 36. Kd4 Bc8 37. Bd3 Bd7 38.
Bc2 Bc8 39. Bd3 c6 40. dxc6 Kxc6 41. Kc3 Kc5 42. Be2 Bxf5 43. Bxh5 Bb1 44. Bf7 Bxa2 45. h5 b5 46. Kc2 b4 47.
h6 b3+ 48. Kc3 b2 49. h7 b1=Q 50. h8=Q Qe1+ 51. Kd3 Bb1# 0-1

[Event "LASK Schackstudion IM Tournament"]
[Site "Lund, Sweden"]
[Date "2022.08.17"]
[Round "4.3"]
[White "Rozentalis, Eduardas"]
[Black "Nord, Alexander"]
[Result "1-0"]
[TimeControl "90 minutes + 30 sec increment starting from move 1."]
[WhiteTitle "GM"]
[BlackTitle "CM"]
[WhiteFideId "12800023"]
[BlackFideId "1738135"]
[WhiteElo "2493"]
[BlackElo "2227"]

1. e4 c5 2. c3 Nf6 3. e5 Nd5 4. Nf3 Nc6 5. Bc4 Nb6 6. Bb3 d5 7. exd6 e6 8. d4 Bxd6 9. O-O h6 10.
dxc5 Bxc5 11. Qe2 O-O 12. Bf4 Nd5 13. Bg3 Qb6 14. Nbd2 a6 15. Nc4 Qa7 16. Nce5 Nxe5 17. Nxe5 b5 18.
Bc2 f5 19. Ng6 Rf6 20. Nf4 Nxf4 21. Bxf4 Bb7 22. Kh1 Bd5 23. Bb3 Rd8 24. Rad1 Qb6 25. f3 Bd6 26. Bxd6 Qxd6 27. Rd4 Qf8 28.
Rfd1 Re8 29. Qe5 Kh7 30. h3 Qf7 31. Re1 Rd8 32. Kh2 Kh8 33. c4 bxc4 34. Bxc4 Qb7 35. b3 Rc8 36. Bxd5 exd5 37.
Rxd5 Rc2 38. Qe8+ Kh7 39. Rd7 Qb4 40. Rxg7+ Kxg7 41. Re7+ Qxe7 42. Qxe7+ Rf7 43. Qe5+ Rf6 44. a4 Rd2 45.
h4 Rdd6 46. h5 Rde6 47. Qf4 Kf7 48. b4 Kf8 49. Kg3 Kf7 50. Qc7+ Kg8 51. Kf4 Kf8 52. b5 axb5 53. axb5 Kg8 54.
g4 fxg4+ 55. Kxg4 Rd6 56. f4 Rb6 57. f5 Rbd6 58. Kf4 Rd1 59. Ke5 Rf8 60. Qc4+ Kh8 61. f6 Re1+ 62. Kf5 Rg1 63.
b6 Rg5+ 64. Ke6 Re8+ 65. Kd7 Rb8 66. Kc7 Rgg8 67. b7 Rbf8 68. f7 Rg7 69. b8=Q Rxb8 70. Kxb8 Rxf7 71. Qe6 Rf8+ 72. Kc7 Rf7+ 73.
Kd6 Rh7 74. Qe8+ Kg7 75. Ke7 1-0

[Event "LASK Schackstudion IM Tournament"]
[Site "Lund, Sweden"]
[Date "2022.08.17"]
[Round "4.4"]
[White "Storme, Isak"]
[Black "Magnusson, Jorgen"]
[Result "1-0"]
[TimeControl "90 minutes + 30 sec increment starting from move 1."]
[WhiteTitle "FM"]
[BlackTitle "FM"]
[WhiteFideId "1728113"]
[BlackFideId "1700880"]
[WhiteElo "2416"]
[BlackElo "2292"]

1. e4 c6 2. d4 d5 3. e5 Bf5 4. Nd2 e6 5. Nb3 Nd7 6. Nf3 h6 7. Be2 Ne7 8. O-O Qc7 9. a4 g5 10. Bd2 Bh7 11. a5 a6 12. Rc1 O-O-O 13. c4 Kb8 14. Bb4 Nf5 15. Bxf8 Nxf8 16. Nc5 Ka7 17. Qa4 dxc4 18. Rxc4 g4 19. Nxa6 Qe7 20. Qb3 gxf3 21. Qb6+ Ka8 22. Nc7+ Kb8 23. a6 Qxc7 24. a7+ Kc8 25. a8=Q+ Kd7 26. Qxc7+ 1-0

[Event "LASK Schackstudion IM Tournament"]
[Site "Lund, Sweden"]
[Date "2022.08.17"]
[Round "4.5"]
[White "Jogstad, Martin"]
[Black "Larkin, Vadyslav"]
[Result "1-0"]
[TimeControl "90 minutes + 30 sec increment starting from move 1."]
[WhiteTitle "FM"]
[BlackTitle "IM"]
[WhiteFideId "1715364"]
[BlackFideId "14152894"]
[WhiteElo "2354"]
[BlackElo "2447"]

1. d4 Nf6 2. c4 e6 3. Nc3 Bb4 4. a3 Bxc3+ 5. bxc3 c5 6. f3 Nc6 7. e4 d6 8. Ne2 e5 9. d5 Na5 10.
Ng3 b6 11. Bd3 Kd7 12. f4 Ne8 13. O-O f6 14. Nf5 Kc7 15. Ne3 Ba6 16. g4 Rc8 17. Ra2 Kb8 18. Rg2 Rc7 19. h4 h6 20.
Rf3 Qd7 21. f5 Rc8 22. Rfg3 Nc7 23. g5 hxg5 24. hxg5 fxg5 25. Rxg5 Rh7 26. Rh5 Rch8 27. Rxh7 Rxh7 28. Qg4 Ne8 29.
Bd2 Rh8 30. Rh2 Rxh2 31. Kxh2 Bc8 32. Qg6 Qa4 33. Qf7 Qd7 34. Qf8 Kc7 35. Kg3 Ba6 36. Be1 Nf6 37. Kf3 Nb3 38. Bc2 Na5 39.
Bh4 Nh5 40. Be7 Nxc4 41. Nxc4 Bxc4 42. Bxd6+ Qxd6 43. Qf7+ Qd7 44. Qxh5 Ba6 45. Qg6 Kd8 46. d6 Qb5 47. Qg5+ Kc8 48.
Qg2 Qc4 49. d7+ Kc7 50. Qd2 Qf1+ 51. Kg3 Qg1+ 52. Kh4 Qh1+ 53. Kg3 Qh8 54. Qd5 Qf8 55. Ba4 b5 56. Qxe5+ Kxd7 57. Qe6+ Kc7 58.
Qxa6 bxa4 59. Qxa7+ Kd6 60. Qa6+ Kc7 61. Qa7+ Kd6 62. Qxa4 Qb8 63. Qc4 Kc6+ 64. Kf3 Qh8 65. Qd5+ Kb6 66.
Qd6+ Kb5 67. Qd3+ Kb6 68. Kg4 Qh2 69. Qd8+ Kb5 70. Qd7+ Kb6 71. Qe6+ Kb5 72. c4+ Ka5 73. Kg5 Qg2 74.
Kh5 Qg3 75. e5 Qg1 76. f6 Qb1 77. fxg7 Qh7 78. Qh6 Qf5 79. Qg5 Qh7 80. Kg4 Qe4+ 81. Kg3 Qd3+ 82. Kf4 Qf1+ 83. Ke4 Qxc4+ 84. Kf5 Qf7 85. Qf6 Qh5 86. Ke6 Qe8+ 87. Kd5 Qd7 88. Kxc5 Qc7 89. Kd5 Qd7 90. Kc5 Qc7 91. Kd4 Qd7+ 92.
Ke3 Qh3+ 93. Kf4 Qf1+ 94. Kg5 Qd3 95. e6 1-0

[Event "LASK Schackstudion IM Tournament"]
[Site "Lund, Sweden"]
[Date "2022.08.17"]
[Round "5.1"]
[White "Jepson, Christian"]
[Black "Kristensen, Kaare Hove"]
[Result "1/2-1/2"]
[TimeControl "90 minutes + 30 sec increment starting from move 1."]
[WhiteTitle "IM"]
[BlackTitle "IM"]
[WhiteFideId "1701185"]
[BlackFideId "1400940"]
[WhiteElo "2395"]
[BlackElo "2274"]

1. c4 Nf6 2. Nf3 b6 3. g3 Bb7 4. Bg2 g6 5. b3 Bg7 6.
Bb2 O-O 7. O-O c5 8. d4 d5 9. dxc5 dxc4 10. Qxd8 Rxd8 11.
cxb6 axb6 12. bxc4 Rc8 13. Nbd2 Nbd7 14. Rfc1 Ra4 15. Ne5 Bxg2 16. Kxg2 Nxe5 17. Bxe5 Ne4 18. Nxe4 Bxe5 19. Rab1 Raxc4 20. Rxc4 1/2-1/2

[Event "LASK Schackstudion IM Tournament"]
[Site "Lund, Sweden"]
[Date "2022.08.17"]
[Round "5.2"]
[White "Kucuksari, Kaan"]
[Black "Jogstad, Martin"]
[Result "1-0"]
[TimeControl "90 minutes + 30 sec increment starting from move 1."]
[WhiteTitle "FM"]
[BlackTitle "FM"]
[WhiteFideId "6380166"]
[BlackFideId "1715364"]
[WhiteElo "2398"]
[BlackElo "2354"]

1. d4 d5 2. c4 e6 3. Nf3 Nf6 4. g3 c5 5. cxd5 exd5 6. Bg2 Nc6 7. O-O cxd4 8. Nxd4 Bc5 9. Nxc6 bxc6 10.
Qc2 Nd7 11. Nd2 Qf6 12. Nb3 Bb6 13. Be3 O-O 14. Rac1 Ne5 15. Bd4 Rb8 16. Qc3 Bxd4 17. Nxd4 Bd7 18. b3 Rfe8 19. Qc5 a5 20.
Qxa5 Qh6 21. Rfd1 Ng4 22. h3 Nf6 23. Qd2 Qh5 24. h4 Qe5 25. Rxc6 Ne4 26. Qe3 Ra8 27. Rc2 Qd6 28. Qf4 Qb4 29.
Rc7 Nf6 30. Rxd7 Nxd7 31. Bxd5 Rad8 32. Bxf7+ Kh8 33. Bxe8 Rxe8 34. Qf7 Nf6 35. Nf5 Qg4 36. Nh6 Qg6 37. Qxg6 hxg6 38. Nf7+ Kg8 39.
Ng5 Rxe2 40. Rd8+ Ne8 41. Kf1 Re7 42. f3 Kf8 43. Ne4 Re6 44. Rd7 Ra6 45. a4 Rb6 46. Nc5 Nf6 47. Rb7 Rd6 48.
a5 Nh5 49. a6 Nxg3+ 50. Kf2 Nh1+ 51. Kg2 1-0

[Event "LASK Schackstudion IM Tournament"]
[Site "Lund, Sweden"]
[Date "2022.08.17"]
[Round "5.3"]
[White "Nord, Alexander"]
[Black "Storme, Isak"]
[Result "0-1"]
[TimeControl "90 minutes + 30 sec increment starting from move 1."]
[WhiteTitle "CM"]
[BlackTitle "FM"]
[WhiteFideId "1738135"]
[BlackFideId "1728113"]
[WhiteElo "2227"]
[BlackElo "2416"]

1. d4 Nf6 2. Nf3 e6 3. g3 b5 4. Bg2 Bb7 5. O-O c5 6. c3 Be7 7. Nbd2 O-O 8. Re1 cxd4 9. cxd4 Qb6 10.
e4 Nc6 11. Nf1 d5 12. e5 Ne4 13. a3 b4 14. Be3 Rac8 15. N3d2 Nxd2 16. Nxd2 Ba6 17. h4 Na5 18. Qg4 Bd3 19.
Bf1 Bf5 20. Qe2 h6 21. axb4 Bxb4 22. g4 Bh7 23. Kg2 Rc2 24. g5 hxg5 25. hxg5 Bxd2 26. Bxd2 Nb3 27. Qh5 Bg6 28. Qh3 Rxd2 29.
Bc4 Qxd4 30. Rh1 Qxf2# 0-1